 Dungeon Crawl Stone Soup version 0.27-a0-1202-ge72e49191c (webtiles) character file.

Game seed: 16172325374117364706

97 robertstho the Chiller (level 4, -3/32 HPs)
             Began as a Gnoll Ice Elementalist on June 3, 2021.
             Succumbed to Sigmund's poison
             ... on level 2 of the Dungeon.
             The game lasted 00:03:20 (2198 turns).

robertstho the Chiller (Gnoll Ice Elementalist)     Turns: 2198, Time: 00:03:21

Health: -3/32      AC:  2    Str:  7    XL:     4   Next: 68%
Magic:  11/11      EV: 13    Int: 15    God:
Gold:   49         SH:  0    Dex: 13    Spells: 12/13 levels left

rFire    . . .     SeeInvis .   d - +2 dagger (venom)
rCold    . . .     Faith    .   (no shield)
rNeg     . . .     Spirit   .   a - +0 robe
rPois    .         Reflect  .   (no helmet)
rElec    .         Harm     .   (no cloak)
rCorr    .         Rampage  .   (no gloves)
Will     .....                  (no boots)
Stlth    +++.......             (no amulet)
HPRegen  0.10/turn              (no ring)
MPRegen  0.12/turn              (no ring)

@: lethally poisoned (-3 -> -30)
A: fangs 1, strong nose, distributed training
a: no special abilities


You were on level 2 of the Dungeon.
You visited 1 branch of the dungeon, and saw 2 of its levels.

You collected 49 gold pieces.

Inventory:

Hand Weapons
 d - a +2 dagger of venom (weapon)
Armour
 a - a +0 robe (worn)
Scrolls
 e - a scroll of enchant weapon {unknown}
 g - 2 scrolls of teleportation {unknown}
 h - a scroll of identify {unknown}
Potions
 b - a potion of attraction {unknown}
 c - a potion of invisibility {unknown}
 f - 3 potions of ambrosia {unknown}


   Skills:
 + Level 1.2 Fighting
 + Level 1.2 Short Blades
 + Level 1.2 Long Blades
 + Level 1.2 Axes
 + Level 1.2 Maces & Flails
 + Level 1.2 Polearms
 + Level 1.2 Staves
 + Level 1.2 Slings
 + Level 1.2 Bows
 + Level 1.2 Crossbows
 + Level 1.2 Throwing
 + Level 1.2 Armour
 + Level 4.7 Dodging
 + Level 4.3 Stealth
 + Level 1.2 Shields
 + Level 1.2 Unarmed Combat
 + Level 5.1 Spellcasting
 + Level 1.0 Conjurations
 + Level 1.0 Hexes
 + Level 1.0 Summonings
 + Level 1.0 Necromancy
 + Level 1.0 Translocations
 + Level 1.0 Transmutations
 + Level 1.0 Fire Magic
 + Level 7.1 Ice Magic
 + Level 1.0 Air Magic
 + Level 1.0 Earth Magic
 + Level 1.0 Poison Magic
 + Level 1.3 Invocations
 + Level 1.2 Evocations


You had 12 spell levels left.
You knew the following spells:

 Your Spells              Type           Power      Damage    Failure   Level
a - Freeze                Ice            100%       1d11      1%          1

Your spell library contained the following spells:

 Spells                   Type           Power      Damage    Failure   Level
 Frozen Ramparts          Ice            50%        1d7       2%          3
 Ozocubu's Armour         Ice            25%        N/A       2%          3
 Hailstorm                Conj/Ice       16%        3d6       30%         4
 Metabolic Englaciation   Hex/Ice        8%         N/A       63%         5


Dungeon Overview and Level Annotations

Branches:
Dungeon (2/15)

Altars:
Yredelemnul

Annotations:
D:2 Sigmund


Innate Abilities, Weirdness & Mutations

You have very sharp teeth.
Your uncanny sense of smell can sniff out nearby items.
Your experience applies equally to all skills.


Message History

The hobgoblin barely misses you.
You barely miss the hobgoblin.
The hobgoblin is almost dead.
You kill the hobgoblin!
No target in view!
No target in view!
No target in view!
No target in view!
No target in view!
No target in view!
No target in view!
No target in view!
No target in view!
You see here a hobgoblin corpse.
Found a ring mail.
You see here a +0 ring mail.
You open the door.
There is an open door here.
Found an escape hatch in the ceiling.
There is an escape hatch in the ceiling here.
There is an open door here.
Key pressed, stopping explore.
Sigmund the Dreaded comes into view.
He is wielding a +2 scythe of venom.
You see here 8 gold pieces.
Sigmund is nearby!
Sigmund is nearby!
Sigmund is nearby!
You now have 49 gold pieces (gained 8).
Sigmund shouts!
Sigmund gestures at himself while chanting.
Sigmund flickers and vanishes!
Deactivating autopickup; reactivate with Ctrl-A.
Something hits you!
You are poisoned.
You feel very sick. Something hits you!
* * * LOW HITPOINT WARNING * * *
You are more poisoned.
You hit something. Your bite misses something.
You die...

##.#[#.....#.#.#.#########
...#.###.#.#.#.#.........#
.....#....<#.#.#########.#
.....#.#...#.#.#.......#.#
.....#.#####.#.#.#####.#.#
...#'#.......#.#.# #.#.#
.......#######.#.# #.#.#
....>..# #.#.# #.#.#
.......# #.#@# #.#.#
.......# #.#{# #.#.#
.......# #.#.# #.#.#
.......# #.#.. #.#.#
###....#######.#######.#.#
#..............#.......#.#
#...........(..##.######.#
'..............##.# #.#
#..............##.# #.#


There were no monsters in sight!

Vanquished Creatures
  Natasha (D:2)
  2 adders (D:2)
  2 dart slugs
  4 ball pythons
  7 endoplasms
  A giant cockroach (D:1)
  4 goblins (D:1)
  6 hobgoblins
  2 jackals (D:2)
  4 kobolds
  2 quokkas
  6 bats
  2 frilled lizards
  4 rats
47 creatures vanquished.

Notes
Turn   | Place    | Note
-------+----------+-------------------------------------------
     0 | D:1      | robertstho the Gnoll Ice Elementalist began the quest for
                  | the Orb.
     0 | D:1      | Reached XP level 1. HP: 13/13 MP: 6/6
   109 | D:1      | Reached XP level 2. HP: 12/19 MP: 0/7
   679 | D:1      | Reached XP level 3. HP: 25/25 MP: 6/9
   816 | D:1      | Reached skill level 5 in Spellcasting
  1185 | D:2      | Found a basalt altar of Yredelemnul.
  1360 | D:2      | Reached skill level 1 in Invocations
  1475 | D:2      | Found a faded altar of an unknown god.
  1488 | D:2      | Found a faded altar of an unknown god.
  1720 | D:2      | Reached skill level 1 in Fighting
  1720 | D:2      | Reached skill level 1 in Short Blades
  1720 | D:2      | Reached skill level 1 in Long Blades
  1720 | D:2      | Reached skill level 1 in Axes
  1720 | D:2      | Reached skill level 1 in Maces & Flails
  1720 | D:2      | Reached skill level 1 in Polearms
  1720 | D:2      | Reached skill level 1 in Staves
  1720 | D:2      | Reached skill level 1 in Slings
  1720 | D:2      | Reached skill level 1 in Bows
  1720 | D:2      | Reached skill level 1 in Crossbows
  1720 | D:2      | Reached skill level 1 in Throwing
  1720 | D:2      | Reached skill level 1 in Armour
  1720 | D:2      | Reached skill level 1 in Shields
  1720 | D:2      | Reached skill level 1 in Unarmed Combat
  1720 | D:2      | Reached skill level 1 in Evocations
  1720 | D:2      | Reached XP level 4. HP: 30/32 MP: 11/11
  1789 | D:2      | Noticed Natasha
  1798 | D:2      | Killed Natasha
  1850 | D:2      | Reached skill level 1 in Conjurations
  1850 | D:2      | Reached skill level 1 in Hexes
  1850 | D:2      | Reached skill level 1 in Summonings
  1850 | D:2      | Reached skill level 1 in Necromancy
  1850 | D:2      | Reached skill level 1 in Translocations
  1850 | D:2      | Reached skill level 1 in Transmutations
  1850 | D:2      | Reached skill level 1 in Fire Magic
  1850 | D:2      | Reached skill level 1 in Air Magic
  1850 | D:2      | Reached skill level 1 in Earth Magic
  1850 | D:2      | Reached skill level 1 in Poison Magic
  2192 | D:2      | Noticed Sigmund
  2198 | D:2      | Succumbed to Sigmund's poison

Illustrated notes

Levels and vault maps discovered:
D:1:      minmay_arrival_wavy_path, layout_basic
D:2:      layout_basic, hellmonk_ecumenical_altar_the_god_not_taken,
          basic_altar, uniq_natasha, uniq_sigmund

Skill      XL: |  1  2  3  4 |
---------------+-------------+-----
Spellcasting   | 5 |  5.1
Invocations    | 1 |  1.3
Fighting       | 1 |  1.2
Short Blades   | 1 |  1.2
Long Blades    | 1 |  1.2
Axes           | 1 |  1.2
Maces & Flails | 1 |  1.2
Polearms       | 1 |  1.2
Staves         | 1 |  1.2
Slings         | 1 |  1.2
Bows           | 1 |  1.2
Crossbows      | 1 |  1.2
Throwing       | 1 |  1.2
Armour         | 1 |  1.2
Shields        | 1 |  1.2
Unarmed Combat | 1 |  1.2
Evocations     | 1 |  1.2
Conjurations   | 1 |  1.0
Hexes          | 1 |  1.0
Summonings     | 1 |  1.0
Necromancy     | 1 |  1.0
Translocations | 1 |  1.0
Transmutations | 1 |  1.0
Fire Magic     | 1 |  1.0
Air Magic      | 1 |  1.0
Earth Magic    | 1 |  1.0
Poison Magic   | 1 |  1.0
Dodging        | |  4.7
Stealth        | |  4.3
Ice Magic      | |  7.1

Action                   |  1- 3 |  4- 6 || total
-------------------------+-------+-------++-------
Melee: Dagger            |    53 |    10 ||    63
       Unarmed           |     2 |       ||     2
       Short sword       |     1 |       ||     1
       Bite              |     2 |     1 ||     3
 Cast: Freeze            |    20 |     4 ||    24
 Stab: Sleeping          |     7 |     1 ||     8
Armor: Robe              |    12 |     1 ||    13
Dodge: Dodged            |    49 |     6 ||    55

Table legend: (Time is in decaauts)
 A = Elapsed time spent in this place.
 B = Non-inter-level travel time spent in this place.
 C = Inter-level travel time spent in this place.
 D = Time resting spent in this place.
 E = Time spent auto-exploring this place.
 F = Levels seen in this place.
 G = Mean time per level.
                   A        B        C        D        E       F      G
               +--------+--------+--------+--------+--------+-----+--------+
         Total |   2194 |   2153 |     41 |      0 |   1866 |   2 | 1097.0 |
       Dungeon |   2194 |   2153 |     41 |      0 |   1866 |   2 | 1097.0 |
               +--------+--------+--------+--------+--------+-----+--------+

Top non-repeatable levels by time:
     D:1: 1102 daAuts
     D:2: 1091 daAuts
